 Dungeon Crawl Stone Soup version 0.28.0-45-g0d030f2227 (webtiles) character file.

Game seed: 11705970348454130700

7 Bruhh the Caller (level 2, 0/19 HPs)
             Began as a Merfolk Summoner on Apr 20, 2022.
             Frozen to death by an endoplasm (1 damage)
             ... on level 1 of the Dungeon.
             The game lasted 00:03:02 (630 turns).

Bruhh the Caller (Merfolk Summoner)                  Turns: 630, Time: 00:03:03

Health: 0/19       AC:  2    Str:  8    XL:     2   Next: 0%
Magic:  2/5        EV: 12    Int: 14    God:
Gold:   18         SH:  0    Dex: 14    Spells: 5/6 levels left

rFire   . . .      SeeInvis .   (no weapon)
rCold   . . .      Faith    .   (no shield)
rNeg    . . .      Spirit   .   a - +0 robe
rPois   .          Reflect  .   (no helmet)
rElec   .          Harm     .   (no cloak)
rCorr   .          Rampage  .   (no gloves)
Will    .....                   (no boots)
Stlth   ++........              (no amulet)
HPRegen 0.06/turn               (no ring)
MPRegen 0.09/turn               (no ring)

@: no status effects
A: (nimble swimmer 2), mertail
a: no special abilities


You were on level 1 of the Dungeon.
You visited 1 branch of the dungeon, and saw 1 of its levels.

You collected 18 gold pieces.

Inventory:

Armour
 a - a +0 robe (worn)


   Skills:
 - Level 2.6 Dodging
 - Level 2.1 Stealth
 + Level 2.5 Spellcasting
 - Level 4.0 Summonings


You had 5 spell levels left.
You knew the following spells:

 Your Spells              Type           Power      Damage    Failure   Level
a - Summon Small Mammal   Summ           48%        N/A       4%          1

Your spell library contained the following spells:

 Spells                   Type           Power      Damage    Failure   Level
 Call Imp                 Summ           12%        N/A       7%          2
 Call Canine Familiar     Summ           12%        N/A       13%         3
 Summon Guardian Golem    Hex/Summ       7%         N/A       30%         3
 Summon Lightning Spire   Summ/Air       7%         N/A       69%         4


Dungeon Overview and Level Annotations

Branches:
Dungeon (1/15)

Altars:


Innate Abilities, Weirdness & Mutations

((You are very nimble when in or above water. (Stealth+, EV+, Speed+++)))
Your lower body shifts to a powerful aquatic tail in water.


Message History

You are frozen.
The hobgoblin hits you but does no damage.
Casting: Summon Small Mammal (safe; 4% risk of failure)
Confirm with . or Enter, or press ? or * to list all spells.
The endoplasm freezes you.
You are frozen.
The hobgoblin barely misses you.
Unknown command.
You hit the hobgoblin.
The hobgoblin is severely wounded.
Your bat hits the endoplasm.
The endoplasm jiggles.
The endoplasm hits you but does no damage.
The endoplasm completely misses you. The hobgoblin hits you.
You hit the hobgoblin but do no damage.
You punch the hobgoblin, but do no damage.
The hobgoblin is severely wounded.
Your bat hits the endoplasm. The endoplasm misses you.
The endoplasm freezes you.
You are frozen.
The hobgoblin barely misses you.
Your magical contamination has completely faded away.
You hit the hobgoblin but do no damage.
The hobgoblin is severely wounded.
Your bat hits the endoplasm but does no damage.
The endoplasm closely misses you. The endoplasm freezes you.
You are frozen.
* * * LOW HITPOINT WARNING * * *
The hobgoblin hits you but does no damage.
You closely miss the hobgoblin.
The hobgoblin is severely wounded.
The endoplasm barely misses you.
Your bat hits the endoplasm but does no damage.
The endoplasm barely misses you. The hobgoblin hits you.
* * * LOW HITPOINT WARNING * * *
You hit the hobgoblin but do no damage.
The hobgoblin is severely wounded.
Your bat hits the endoplasm. The endoplasm freezes you.
You are frozen.
You die...

.......#.# .#
######.#+## .# # #....##
#.## ######.....## ...
...##.......## #.#
.............####b## ..
.............'...J.#.)..
..##.........###.J......
.####.......## #@#.#....
.# ##.....## #g# .. ..
.# ##...## #.# ## .#
##+## #.# .# #.# .# #.#
.# #.# .# #.# ..


You could see 2 endoplasms, a hobgoblin and a friendly bat (summoned).

Vanquished Creatures
  A kobold (D:1)
1 creature vanquished.

Vanquished Creatures (collateral kills)
  An endoplasm (D:1)
  A giant cockroach (D:1)
  A hobgoblin (D:1)
  A quokka (D:1)
  A kobold (D:1)
5 creatures vanquished.

Grand Total: 6 creatures vanquished

Notes
Turn   | Place    | Note
-------+----------+-------------------------------------------
     0 | D:1      | Bruhh the Merfolk Summoner began the quest for the Orb.
     0 | D:1      | Reached XP level 1. HP: 13/13 MP: 3/3
   514 | D:1      | Reached XP level 2. HP: 13/19 MP: 1/5
   630 | D:1      | Frozen to death by an endoplasm

Illustrated notes

Levels and vault maps discovered:
D:1:      dpeg_arrival_simpleton_c, layout_loops_corners,
          hellmonk_ecumenical_altar_pennies_from_heaven, minivault_24

Action                   || total
-------------------------++-------
Melee: Unarmed           ||    28
       Punch             ||     1
 Cast: Summon Small Mamm ||    13
Armor: Robe              ||     8
Dodge: Dodged            ||    31
